[Event "Titled Tuesday Blitz November 08 Late 2022"]
[White "Mr_Penings"]
[Black "Girsh, Daniel"]
[BlackFideId "30949190"]
[WhiteElo "2691"]
[BlackElo "2075"]
[Result "1-0"]
[Round "04"]
[TimeControl "180+1"]
[Date "2022.11.09"]
[WhiteClock "0:00:09"]
[BlackClock "0:00:10"]

1. c4 Nf6 2. Nc3 g6 3. e4 Bg7 4. g3 O-O 5. Bg2 d6 6. Nge2 c5 7. O-O Nc6 8. d3 Ne8 9. Be3 Nc7 10. d4 cxd4 11. Nxd4 Bd7 12. Rc1 Rc8 13. b3 Ne6 14. Nde2 Nc5 15. Qd2 a5 16. Nd5 Be6 17. Nef4 Bd7 18. h4 e6 19. Nc3 Qe7 20. Rfd1 Be5 21. Nb5 Bxf4 22. Bxf4 e5 23. Bg5 f6 24. Bh6 Rfd8 25. Qxd6 Bg4 26. Qxe7 Nxe7 27. f3 Be6 28. Be3 b6 29. f4 Nc6 30. f5 Bf7 31. Nd6 Rb8 32. Nxf7 Kxf7 33. Rf1 Nd3 34. Rc2 Ncb4 35. Re2 Kg7 36. g4 Rb7 37. g5 gxf5 38. gxf6+ Kf7 39. Rxf5 Rg8 40. Kh2 Rg4 41. Bf3 Rg8 42. Bh5+ Ke6 43. f7 Rf8 44. Bh6 Rfxf7 45. Bxf7+ Rxf7 46. Rxf7 Kxf7 47. a3 Nc6 48. Be3 Nc5 49. Bxc5 bxc5 50. Re3 Nd4 51. Kg3 Nc2 52. Rd3 Nd4 53. Kg4 Kg6 54. h5+ Kf6 55. Rd1 Ke6 56. Kg5 Nxb3 57. Kh6 Nd4 58. Rf1 Ne2 59. Kxh7 Ng3 60. Rb1 Nxh5 61. Rb6+ Kd7 62. Kg6 Nf4+ 63. Kf5 Nd3 64. Rb5 Kd6 65. Rxa5 Nb2 66. Ra6+ Kc7 67. Kxe5 Nxc4+ 68. Kf6 Kb7 69. Ra4 Nb6 70. Ra5 c4 71. Kf5 Kc6 72. Ra7 c3 73. Rh7 Nc4 74. Rh1 Nd2 75. Rc1 Kb5 76. Rxc3 Nb1 77. Re3 Ka4 78. e5 Nc3 79. e6 Nd5 80. Re4+ Kxa3 81. e7 Nxe7+ 82. Rxe7 Kb4 83. Rc7 Kb5 84. Ke4 Kb6 85. Rc1 Kb5 86. Kd4 Kb4 87. Rb1+ Ka3 88. Kc3 Ka2 89. Rb8 Ka3 90. Ra8# 1-0


[Site "https://www.chess.com"]

[Event "Titled Tuesday Blitz November 08 Late 2022"]
[White "Myers, Dominique"]
[Black "Harish, Neeraj"]
[WhiteFideId "2041715"]
[BlackFideId "30958130"]
[WhiteElo "1986"]
[BlackElo "1815"]
[Result "1-0"]
[Round "04"]
[TimeControl "180+1"]
[Date "2022.11.09"]
[WhiteClock "0:02:18"]
[BlackClock "0:00:31"]

1. e4 c5 2. Nf3 Nc6 3. d4 cxd4 4. c3 Nf6 5. e5 Nd5 6. Bc4 Nb6 7. Bb3 d6 8. exd6 Qxd6 9. O-O Be6 10. Na3 Bxb3 11. Qxb3 dxc3 12. Nb5 Qd8 13. Rd1 Qc8 14. Ng5 e6 15. Qxc3 Nd5 16. Rxd5 exd5 17. Bf4 f6 18. Re1+ Be7 19. Ne6 Kf7 20. Nbc7 Rb8 21. Nxd5 Ne5 22. Bxe5 Qxc3 23. Bxc3 Rbd8 24. Nxd8+ 1-0


[Site "https://www.chess.com"]

[Event "Titled Tuesday Blitz November 08 Late 2022"]
[White "O`Gorman, Tom"]
[Black "Mikhalsky, Vladimir"]
[WhiteFideId "2508249"]
[BlackFideId "14144352"]
[WhiteElo "2271"]
[BlackElo "2271"]
[Result "0-1"]
[Round "04"]
[TimeControl "180+1"]
[Date "2022.11.09"]
[WhiteClock "0:01:19"]
[BlackClock "0:02:28"]

1. e4 g6 2. d4 Bg7 3. Nc3 d6 4. Be2 a6 5. Be3 b5 6. Qd2 Nf6 7. f3 b4 8. Nd1 a5 9. g4 Ba6 10. h4 h5 11. g5 Nfd7 12. f4 c5 13. Nf2 Nc6 14. Nf3 Bxe2 15. Kxe2 cxd4 16. Nxd4 Nxd4+ 17. Bxd4 e5 18. fxe5 Nxe5 19. Rae1 O-O 20. b3 Re8 21. Rh3 Qc8 22. Kd1 a4 23. Qxb4 Nc6 0-1


[Site "https://www.chess.com"]

[Event "Titled Tuesday Blitz November 08 Late 2022"]
[White "Paiva, Henrique M A Albergaria"]
[Black "Ibadov, Dashgyn"]
[WhiteFideId "1920995"]
[BlackFideId "24107514"]
[WhiteElo "1953"]
[BlackElo "2208"]
[Result "0-1"]
[Round "04"]
[TimeControl "180+1"]
[Date "2022.11.09"]
[WhiteClock "0:00:41"]
[BlackClock "0:00:02"]

1. Nf3 d5 2. c4 d4 3. e3 c5 4. b4 dxe3 5. fxe3 cxb4 6. d4 Nf6 7. Bd3 g6 8. O-O Bg7 9. Qa4+ Bd7 10. Qxb4 O-O 11. Ne5 Nc6 12. Nxc6 Bxc6 13. Nc3 e5 14. d5 e4 15. Be2 Bd7 16. Bb2 b6 17. Nb5 Bxb5 18. Qxb5 Nd7 19. Bxg7 Kxg7 20. a4 Nc5 21. a5 Qg5 22. Rf4 Qe5 23. Rd1 Rab8 24. axb6 axb6 25. h3 f5 26. Bf1 Qc3 27. Rf2 Qxe3 28. d6 Qg3 29. Qb2+ Kh6 30. Qc1+ f4 31. Rd5 Rbd8 32. Qa1 f3 33. Qe5 Qxe5 34. Rxe5 Rxd6 35. gxf3 exf3 36. Re3 Rdf6 37. Kh1 Rf4 38. Kg1 Ne4 39. Rc2 R8f5 40. Kh2 Rg5 41. Bd3 f2 42. Bf1 Rg1 43. Bd3 f1=Q 44. Bxf1 Rgxf1 45. Rce2 R1f2+ 46. Rxf2 Rxf2+ 47. Kg1 Rf4 48. Kh2 Nd6 49. c5 bxc5 50. Re6 Rd4 51. Kg3 c4 52. Kf2 c3 53. Ke3 Nf5+ 54. Ke2 c2 55. Rc6 Rh4 56. Rc3 Nd4+ 57. Kd3 Rxh3+ 58. Kxd4 Rxc3 0-1


[Site "https://www.chess.com"]

[Event "Titled Tuesday Blitz November 08 Late 2022"]
[White "Pakleza, Zbigniew"]
[Black "Shankland, Sam"]
[WhiteFideId "1119290"]
[BlackFideId "2004887"]
[WhiteElo "2411"]
[BlackElo "2612"]
[Result "0-1"]
[Round "04"]
[TimeControl "180+1"]
[Date "2022.11.08"]
[WhiteClock "0:00:03"]
[BlackClock "0:01:18"]

1. d4 d5 2. Bf4 c5 3. c3 Nc6 4. e3 cxd4 5. cxd4 Bf5 6. Nc3 e6 7. Qb3 Bb4 8. Bb5 Bxc3+ 9. bxc3 Ne7 10. Nf3 O-O 11. O-O Na5 12. Qa3 a6 13. Bd6 axb5 14. Bxe7 Nc6 15. Bxf8 Rxa3 16. Bxa3 Qa5 17. Bb4 Qa4 18. a3 f6 19. h3 Kf7 20. Rfe1 g5 21. Nd2 Qc2 22. Nf1 h5 23. Rac1 Qa4 24. Ng3 Bg6 25. e4 h4 26. exd5 Nxb4 27. dxe6+ Kg7 28. axb4 hxg3 29. fxg3 Qb3 30. Re3 Qd5 31. Rce1 Be8 32. e7 Kf7 33. Kh2 Qd6 34. Rf1 Bc6 35. Rf2 Ke8 36. Rfe2 Bd5 37. Rf2 b6 38. Re1 Qc6 39. Re3 Be4 40. g4 Bg6 41. Ra2 Be4 42. Rae2 Bd5 43. Rf2 Qc7+ 44. Kg1 Qd6 45. Rf5 Qc6 46. Rf2 Be4 47. Rfe2 Bd5 48. Rf2 Qd6 49. Rfe2 Qf4 50. Re1 Bc4 51. Rf3 Qd2 52. Re4 Bd5 53. Ree3 Bxf3 54. Rxf3 Kxe7 55. Kh2 Ke6 56. Kg3 Qe1+ 57. Kh2 Kd5 58. Rxf6 Qxc3 59. Rxb6 Qxb4 60. Rf6 Kxd4 61. Rf5 Qd6+ 62. g3 b4 63. h4 gxh4 64. Rf4+ Qxf4 65. gxf4 b3 0-1


[Site "https://www.chess.com"]

[Event "Titled Tuesday Blitz November 08 Late 2022"]
[White "Papasimakopoulos, Alexandros"]
[Black "Kazakov, Mikhail"]
[WhiteFideId "4244125"]
[BlackFideId "14102749"]
[WhiteElo "2365"]
[BlackElo "2413"]
[Result "1/2-1/2"]
[Round "04"]
[TimeControl "180+1"]
[Date "2022.11.09"]
[WhiteClock "0:01:22"]
[BlackClock "0:00:12"]

1. d4 Nf6 2. c4 e6 3. Nc3 Bb4 4. Qc2 O-O 5. a3 Bxc3+ 6. Qxc3 d5 7. Nf3 dxc4 8. Qxc4 b6 9. Bg5 Bb7 10. e3 Nbd7 11. Be2 c5 12. O-O h6 13. Bh4 g5 14. Bg3 Ne4 15. Rfd1 Qe7 16. Ne5 Nxg3 17. hxg3 Nxe5 18. dxe5 Rad8 19. Bf3 Bxf3 20. gxf3 Rxd1+ 21. Rxd1 Rd8 22. Rc1 Qb7 23. Kg2 Qd5 24. Qxd5 Rxd5 25. f4 Rd2 26. b4 cxb4 27. axb4 Rb2 28. Rc7 a5 29. bxa5 bxa5 30. fxg5 hxg5 31. Ra7 Ra2 32. g4 a4 33. Kg3 Kg7 34. f4 Kg6 35. Ra6 a3 36. f5+ Kg7 37. Ra7 Kg8 38. Ra8+ Kg7 39. f6+ Kh7 40. Rf8 Kg6 41. Rg8+ Kh6 42. Rh8+ Kg6 43. Rg8+ Kh6 44. Rf8 Ra1 45. Kg2 a2 46. Rh8+ Kg6 47. Ra8 Kh7 48. Ra7 Kg6 49. Kh2 Re1 50. Rxa2 Rxe3 51. Ra5 Kh7 52. Kg2 Kg6 53. Kf2 Re4 54. Kf3 Rf4+ 55. Kg3 Re4 56. Rb5 Re3+ 57. Kf2 Re4 58. Kf3 Rf4+ 59. Kg3 Re4 60. Rc5 Rf4 61. Rc8 Re4 62. Rg8+ Kh7 63. Rg7+ Kh6 64. Rxf7 Re3+ 65. Kf2 Rxe5 66. Rg7 Re4 67. Kg3 Rf4 68. Ra7 Rxf6 69. Re7 Kg6 70. Re8 Kf7 71. Ra8 Ke7 72. Ra5 Rg6 73. Kf3 Kf6 74. Ke4 Rg7 75. Ra8 Rb7 76. Rf8+ Kg7 77. Ra8 Kf6 78. Rf8+ Ke7 79. Rg8 Rb4+ 80. Ke5 Rb5+ 81. Ke4 Kf7 82. Ra8 Kf6 83. Rf8+ Ke7 84. Rg8 Kd6 85. Rg7 Rb4+ 86. Kf3 Rb5 87. Ke4 Rb4+ 88. Kf3 Rb5 89. Ke4 1/2-1/2


[Site "https://www.chess.com"]

[Event "Titled Tuesday Blitz November 08 Late 2022"]
[White "Papayan, Oleg"]
[Black "Young, Ryan"]
[WhiteFideId "4193911"]
[BlackFideId "2049945"]
[WhiteElo "2153"]
[BlackElo "2280"]
[Result "1/2-1/2"]
[Round "04"]
[TimeControl "180+1"]
[Date "2022.11.09"]
[WhiteClock "0:00:03"]
[BlackClock "0:00:09"]

1. e4 e5 2. Nf3 Nc6 3. Bb5 a6 4. Bxc6 dxc6 5. O-O Bg4 6. h3 h5 7. d3 Qf6 8. Nbd2 g5 9. Re1 Be6 10. Nc4 g4 11. Nh2 gxh3 12. Qf3 Bxc4 13. dxc4 hxg2 14. Qxf6 Nxf6 15. Kxg2 Rg8+ 16. Kh3 Bd6 17. Be3 O-O-O 18. f3 Kd7 19. Rg1 Ke6 20. Kh4 Be7 21. Kh3 Nd7 22. b3 Bc5 23. Bxc5 Nxc5 24. Rxg8 Rxg8 25. Rd1 Nd7 26. Rd2 Nf6 27. Kh4 Ke7 28. Nf1 Rg1 29. Ng3 Ra1 30. a4 Rg1 31. Rh2 Rc1 32. Nxh5 Nxh5 33. Kxh5 Rf1 34. Kg4 Rg1+ 35. Kf5 Rf1 36. Kxe5 Rxf3 37. Rd2 Rc3 38. Kd4 Rh3 39. Ke5 b6 40. Kd4 Rh4 41. Ke5 Rh5+ 42. Kd4 c5+ 43. Ke3 Rh3+ 44. Kf4 Rh4+ 45. Kf5 Rh5+ 46. Kg4 Rh1 47. Kf5 Re1 48. Ke5 Rh1 49. Kd5 Kd7 50. Ke5+ Ke7 51. Kd5 Rh6 52. e5 c6+ 53. Ke4 Rh4+ 54. Kf5 Rh5+ 55. Kf4 Rh6 56. Kg5 Rg6+ 57. Kf5 Re6 58. Rh2 Rg6 59. Rh8 Rg2 60. Rc8 Kd7 61. Rb8 Kc7 62. Rf8 Rxc2 63. Rxf7+ Kd8 64. e6 Rf2+ 65. Kg6 Ke8 66. Ra7 Rf3 67. Rxa6 Rxb3 68. Kf6 Rf3+ 69. Ke5 Rc3 70. Kd6 Rd3+ 71. Kxc6 Ke7 72. Kxb6 Kxe6 73. Kxc5+ Kd7 74. a5 Kc7 75. Rc6+ Kb7 76. Rb6+ Ka7 77. Kb5 Rh3 78. c5 Rh1 79. Rg6 Rb1+ 80. Kc6 Rc1 81. Rg7+ Ka6 82. Rg8 Kxa5 83. Ra8+ Kb4 84. Rb8+ Ka5 85. Rb5+ Ka6 86. Rb6+ Ka7 87. Kb5 Rb1+ 88. Kc6 Rc1 89. Rb7+ Ka8 90. Rb2 Rh1 91. Kb6 Kb8 92. Rg2 Rb1+ 93. Kc6 Ka7 94. Rg7+ Ka6 95. Kc7 Rc1 96. c6 Kb5 97. Rg5+ Ka6 98. Kd7 Kb6 99. Rg6 Rd1+ 100. Kc8 Rc1 101. Kd7 Rd1+ 102. Rd6 Rc1 103. c7+ Kb7 104. Kd8 Rxc7 105. Rd7 Rxd7+ 106. Kxd7 1/2-1/2


[Site "https://www.chess.com"]

[Event "Titled Tuesday Blitz November 08 Late 2022"]
[White "Paravyan, David"]
[Black "Gurevich, Dmitry"]
[WhiteFideId "4194985"]
[BlackFideId "2000407"]
[WhiteElo "2546"]
[BlackElo "2506"]
[Result "1-0"]
[Round "04"]
[TimeControl "180+1"]
[Date "2022.11.08"]
[WhiteClock "0:01:15"]
[BlackClock "0:00:38"]

1. e4 c5 2. Nf3 d6 3. d4 cxd4 4. Nxd4 Nf6 5. Nc3 Nc6 6. Bg5 e6 7. Qd3 Be7 8. O-O-O Nxd4 9. Qxd4 O-O 10. h4 a6 11. f3 b5 12. Kb1 Bb7 13. Bd3 Rc8 14. Ne2 Qc7 15. g4 Rfd8 16. Qg1 d5 17. e5 Ne4 18. Bxe7 Qxe7 19. Nd4 Nc5 20. g5 Nxd3 21. Rxd3 b4 22. h5 a5 23. f4 Ba6 24. Rd2 Rc4 25. g6 fxg6 26. hxg6 h6 27. Qg4 Bc8 28. b3 Rc3 29. Nb5 Rc6 30. Nd6 Rcxd6 31. exd6 Qf6 32. Qh4 Qxh4 33. Rxh4 Rxd6 34. Kb2 Rd8 35. a3 bxa3+ 36. Kxa3 Bd7 37. f5 Rf8 38. fxe6 Bxe6 39. Ra4 Rf6 40. Rxa5 Rxg6 41. b4 h5 42. b5 Bf7 43. Ra6 Rg3+ 44. Kb2 Rg4 45. Rd3 Rc4 46. b6 d4 47. Rb3 1-0


[Site "https://www.chess.com"]

[Event "Titled Tuesday Blitz November 08 Late 2022"]
[White "Perez Ponsa, Federico"]
[Black "Kumala, Aleksander"]
[WhiteFideId "117927"]
[BlackFideId "1141880"]
[WhiteElo "2606"]
[BlackElo "2269"]
[Result "1-0"]
[Round "04"]
[TimeControl "180+1"]
[Date "2022.11.09"]
[WhiteClock "0:01:16"]
[BlackClock "0:00:54"]

1. e4 e5 2. Nf3 Nc6 3. Nc3 Nf6 4. Bb5 Nd4 5. O-O Nxb5 6. Nxb5 c6 7. Nc3 d6 8. d4 exd4 9. Nxd4 Be7 10. Bf4 O-O 11. Qf3 Re8 12. h3 Qb6 13. Nb3 a5 14. a4 Be6 15. Rfd1 Bxb3 16. cxb3 Qxb3 17. Bxd6 Bxd6 18. Rxd6 Qxb2 19. Rb1 Qa3 20. Rxf6 gxf6 21. Rxb7 Qd6 22. Qg4+ Kh8 23. Rxf7 Rg8 24. Qh4 Rg7 25. Qxf6 Qxf6 26. Rxf6 Rg6 27. Rf5 Rd8 28. Rxa5 Rd3 29. Ne2 Rd1+ 30. Kh2 Rd2 31. Nf4 Rf6 32. Ra8+ Kg7 33. Nh5+ Kg6 34. Nxf6 Kxf6 35. a5 Rxf2 36. a6 Ra2 37. a7 Kg7 38. e5 c5 39. e6 Re2 40. Re8 1-0


[Site "https://www.chess.com"]

[Event "Titled Tuesday Blitz November 08 Late 2022"]
[White "Phillips, Rene"]
[Black "Alfaro, William"]
[WhiteFideId "2056275"]
[BlackFideId "6100457"]
[WhiteElo "1998"]
[BlackElo "2096"]
[Result "0-1"]
[Round "04"]
[TimeControl "180+1"]
[Date "2022.11.09"]
[WhiteClock "0:00:01"]
[BlackClock "0:01:39"]

1. Nf3 Nf6 2. d4 g6 3. Bf4 Bg7 4. e3 d6 5. h3 O-O 6. Bc4 b6 7. O-O Bb7 8. Qe2 c5 9. c3 Nbd7 10. Ba6 Qc7 11. Nbd2 Rfe8 12. Rfd1 e5 13. dxe5 dxe5 14. Bg3 Nh5 15. Bh2 f5 16. Ng5 Ndf6 17. Ndf3 Bxa6 18. Qxa6 c4 19. Qb5 h6 20. Nxe5 hxg5 21. Nxg6 Qc5 22. Qa6 Kh7 23. Ne5 Rxe5 24. Bxe5 Qxe5 25. Qb7 Re8 26. Rd7 f4 27. Rf7 fxe3 28. fxe3 Qxe3+ 29. Kh2 Qf4+ 30. Kg1 Re2 0-1


[Site "https://www.chess.com"]

[Event "Titled Tuesday Blitz November 08 Late 2022"]
[White "Piesik, Piotr"]
[Black "Chigaev, Maksim"]
[WhiteFideId "1136194"]
[BlackFideId "4108116"]
[WhiteElo "2316"]
[BlackElo "2541"]
[Result "0-1"]
[Round "04"]
[TimeControl "180+1"]
[Date "2022.11.08"]
[WhiteClock "0:00:02"]
[BlackClock "0:00:18"]

1. Nf3 Nf6 2. g3 g6 3. Bg2 Bg7 4. O-O O-O 5. d4 d5 6. c4 c5 7. Nc3 dxc4 8. dxc5 Qa5 9. Qd4 Nc6 10. Qxc4 Be6 11. Qh4 Qxc5 12. Bh6 Rfd8 13. Ng5 Bf5 14. Rad1 Rxd1 15. Rxd1 Rd8 16. Rxd8+ Nxd8 17. h3 b6 18. g4 Bc2 19. Nce4 Bxe4 20. Nxe4 Nxe4 21. Bxe4 Bxh6 22. Qxh6 Qd4 23. Bd3 Ne6 24. Qc1 Nf4 25. Kf1 Nxh3 26. Qc8+ Kg7 27. Qc3 Qxc3 28. bxc3 Nf4 29. Bc4 g5 30. e3 Ng6 31. Kg2 Ne5 32. Be2 Nd7 33. f4 h6 34. Kf3 Nc5 35. Bb5 e6 36. Bc6 Kf6 37. Ke2 Ke7 38. Kf3 Kd6 39. Be8 f6 40. Ke2 Kd5 0-1


[Site "https://www.chess.com"]

[Event "Titled Tuesday Blitz November 08 Late 2022"]
[White "Poliakova, Varvara"]
[Black "Mardov, Dimitar"]
[WhiteFideId "13518313"]
[BlackFideId "30919495"]
[WhiteElo "2099"]
[BlackElo "2332"]
[Result "1/2-1/2"]
[Round "04"]
[TimeControl "180+1"]
[Date "2022.11.09"]
[WhiteClock "0:00:32"]
[BlackClock "0:00:17"]

1. e4 e5 2. Nf3 Nc6 3. Bc4 Nf6 4. d3 h6 5. c3 d6 6. Bb3 g6 7. Nbd2 Bg7 8. Nc4 O-O 9. Ne3 Re8 10. h4 Na5 11. Bc2 d5 12. exd5 Nxd5 13. Nxd5 Qxd5 14. h5 g5 15. Be3 Bg4 16. b4 e4 17. dxe4 Bxc3+ 18. Ke2 Qc4+ 19. Bd3 Qxb4 20. Rb1 Qa3 21. Qc2 Rad8 22. Rb5 Nc6 23. Rb3 Qe7 24. Rxc3 Nb4 25. Qb3 Nxd3 26. Rxd3 Qxe4 27. Rxd8 Rxd8 28. Rd1 Rxd1 29. Qxd1 Bxh5 30. Qd8+ Kh7 31. Qd3 Qxd3+ 32. Kxd3 Bxf3 33. gxf3 a6 34. f4 f6 35. fxg5 fxg5 36. Ke4 Kg6 37. f4 gxf4 38. Bxf4 c6 39. Ke5 h5 40. Kd6 Kf5 41. Bh2 h4 42. Kc5 Kg4 43. Kb6 h3 44. a4 Kf3 45. a5 Kg2 46. Bd6 h2 47. Bxh2 Kxh2 48. Kxb7 c5 49. Kxa6 c4 50. Kb7 c3 51. a6 c2 52. a7 c1=Q 53. a8=Q 1/2-1/2


[Site "https://www.chess.com"]

[Event "Titled Tuesday Blitz November 08 Late 2022"]
[White "Przybylski, Wojciech"]
[Black "Romero Ruscalleda, Josep"]
[WhiteFideId "1117599"]
[BlackFideId "2231859"]
[WhiteElo "2221"]
[BlackElo "2183"]
[Result "1-0"]
[Round "04"]
[TimeControl "180+1"]
[Date "2022.11.09"]
[WhiteClock "0:00:20"]
[BlackClock "0:00:02"]

1. e4 g6 2. d4 Bg7 3. Be3 d6 4. c3 Nf6 5. Bd3 O-O 6. Nd2 e5 7. f3 Nc6 8. Ne2 d5 9. O-O dxe4 10. Nxe4 exd4 11. Nxd4 Nxe4 12. Nxc6 Nxc3 13. bxc3 bxc6 14. Qc2 Be6 15. Rab1 Qd5 16. c4 Qa5 17. Be4 Rad8 18. Kh1 Bd4 19. Bh6 Bg7 20. Be3 c5 21. Rb5 Qc3 22. Qxc3 Bxc3 23. Rxc5 Bd4 24. Bxd4 Rxd4 25. Rxc7 Bxc4 26. Ra1 a6 27. h4 Rfd8 28. a4 Be6 29. a5 f5 30. Bb7 Rxh4+ 31. Kg1 Rhd4 32. Bxa6 Rd1+ 33. Rxd1 Rxd1+ 34. Kf2 Ra1 35. Rc5 Kf7 36. Bb5 Kf6 37. Be2 Ra2 38. a6 g5 39. g3 h5 40. Rc6 h4 41. gxh4 gxh4 42. Ke3 Ke5 43. Rxe6+ Kxe6 44. Bc4+ Kd6 45. Bxa2 Kc7 46. Kf4 Kb6 47. Bc4 h3 48. Kg3 h2 49. Kxh2 1-0


[Site "https://www.chess.com"]

[Event "Titled Tuesday Blitz November 08 Late 2022"]
[White "Ramirez, Maria Eugenia"]
[Black "Koutlas, Nikolaos"]
[WhiteFideId "3301680"]
[BlackFideId "25827138"]
[WhiteElo "1941"]
[BlackElo "2167"]
[Result "0-1"]
[Round "04"]
[TimeControl "180+1"]
[Date "2022.11.09"]
[WhiteClock "0:00:29"]
[BlackClock "0:02:07"]

1. e4 c5 2. c3 Nc6 3. d4 cxd4 4. cxd4 d6 5. Nc3 g6 6. Nf3 Bg7 7. Bb5 Bd7 8. O-O Nf6 9. d5 Nb8 10. Qa4 O-O 11. Re1 Bg4 12. Be2 Nbd7 13. h3 Nc5 14. Qb4 Bxf3 15. gxf3 b6 16. Be3 Nh5 17. f4 e6 18. Bf3 Nd3 19. Qc4 Nhxf4 20. Bxf4 Nxf4 21. e5 Bxe5 22. dxe6 fxe6 23. Bxa8 Qg5+ 24. Kh1 Rxa8 25. Qe4 Rf8 26. Rg1 Qh5 27. Rg3 Nxh3 28. f4 Nf2+ 29. Kg2 Nxe4 30. fxe5 Rf2+ 31. Kg1 Qh2# 0-1


[Site "https://www.chess.com"]

[Event "Titled Tuesday Blitz November 08 Late 2022"]
[White "Rangel, Daniel"]
[Black "Shapiro, Bryan"]
[WhiteFideId "2124475"]
[BlackFideId "2087740"]
[WhiteElo "2225"]
[BlackElo "1900"]
[Result "1-0"]
[Round "04"]
[TimeControl "180+1"]
[Date "2022.11.09"]
[WhiteClock "0:00:07"]
[BlackClock "0:00:01"]

1. e4 e5 2. Nc3 Nf6 3. Bc4 Nc6 4. d3 Bc5 5. Bg5 h6 6. Bh4 g5 7. Bg3 d6 8. Qd2 Be6 9. Bxe6 fxe6 10. O-O-O Nh5 11. Kb1 Nf4 12. f3 Qe7 13. Nce2 O-O-O 14. c3 Rhf8 15. d4 Bb6 16. Bxf4 gxf4 17. g4 exd4 18. Nxd4 Ne5 19. Qe2 Kb8 20. Nh3 Qh4 21. Nf2 Rde8 22. Nd3 Bxd4 23. cxd4 Nc4 24. Rc1 Nb6 25. Rc3 d5 26. e5 h5 27. Rhc1 hxg4 28. Rxc7 g3 29. hxg3 fxg3 30. Rg7 Re7 31. Rg4 Qh2 32. Qe3 Nc4 33. Qg5 Ref7 34. Rxg3 Qe2 35. f4 Rxf4 36. Rxc4 dxc4 37. Nc1 Rf1 38. Rc3 Qe4+ 39. Ka1 Qxd4 40. a3 Rc8 41. Ka2 Rf5 42. Qe7 Rxe5 43. Rc2 c3 44. b3 Qd5 45. Ne2 Rxe2 46. Rxe2 c2 47. Qxb7+ 1-0


[Site "https://www.chess.com"]

[Event "Titled Tuesday Blitz November 08 Late 2022"]
[White "Reprintsev, Alexander"]
[Black "Leitao, Rafael"]
[WhiteFideId "14100541"]
[BlackFideId "2101246"]
[WhiteElo "2230"]
[BlackElo "2609"]
[Result "0-1"]
[Round "04"]
[TimeControl "180+1"]
[Date "2022.11.09"]
[WhiteClock "0:00:01"]
[BlackClock "0:00:06"]

1. e4 c5 2. b3 Nc6 3. Bb2 d6 4. Bb5 Bd7 5. Ne2 Nf6 6. d3 g6 7. Bxf6 exf6 8. c4 Bg7 9. Nbc3 f5 10. O-O O-O 11. Bxc6 bxc6 12. Qd2 Re8 13. Rad1 Qh4 14. Kh1 f4 15. Ng1 Qh5 16. Nce2 g5 17. d4 Re6 18. dxc5 Rh6 19. h3 Re8 20. f3 Be5 21. cxd6 f5 22. exf5 Bxf5 23. d7 Bxd7 24. Qxd7 Rhe6 25. Nd4 Rd6 26. Qxa7 Red8 27. Nge2 Qg6 28. Qc5 Qf6 29. Rfe1 Kf7 30. Nxc6 Rxc6 31. Qxc6 Qxc6 32. Rxd8 Qb6 33. Rd5 Qf2 34. Rg1 Qxe2 35. a4 Bb8 36. a5 Kf6 37. Rgd1 h5 38. R5d2 Qe3 39. Rd3 Qe2 40. b4 g4 41. fxg4 hxg4 42. hxg4 Qxg4 43. Rf1 Qe2 44. Rdf3 Qxc4 45. a6 Qxa6 46. g3 Qb7 47. gxf4 Qxb4 48. Kg2 Kf5 49. R1f2 Ba7 50. Re2 Bb8 51. Rff2 Qc4 52. Kg3 Qd3+ 53. Kg2 Bxf4 54. Ra2 Qd5+ 55. Kf1 Kg4 56. Rg2+ Bg3 57. Rad2 Qf3+ 0-1


[Site "https://www.chess.com"]

[Event "Titled Tuesday Blitz November 08 Late 2022"]
[White "Richter, Paul"]
[Black "Rasulov, Vugar"]
[WhiteFideId "2046350"]
[BlackFideId "13402390"]
[WhiteElo "2568"]
[BlackElo "2509"]
[Result "0-1"]
[Round "04"]
[TimeControl "180+1"]
[Date "2022.11.09"]
[WhiteClock "0:00:04"]
[BlackClock "0:01:58"]

1. e4 c5 2. Nf3 a6 3. d3 g6 4. Nbd2 Bg7 5. g3 Nc6 6. Bg2 Nf6 7. O-O O-O 8. a4 Rb8 9. c3 b5 10. axb5 axb5 11. Qc2 b4 12. Nc4 d5 13. Nce5 Nxe5 14. Nxe5 Bb7 15. exd5 Nxd5 16. f4 bxc3 17. bxc3 Qc7 18. Re1 Ra8 19. Rxa8 Rxa8 20. Bd2 e6 21. Nc4 h5 22. Rb1 Bc6 23. Ne3 h4 24. Nxd5 Bxd5 25. Bxd5 exd5 26. Qb3 c4 27. dxc4 dxc4 28. Qb7 Qc5+ 29. Kh1 Rd8 30. Be1 h3 31. Qe4 f5 32. Qe2 Qd5+ 33. Kg1 Kh7 34. Rc1 Qc5+ 35. Bf2 Qa3 36. Rd1 Qa8 0-1


[Site "https://www.chess.com"]

[Event "Titled Tuesday Blitz November 08 Late 2022"]
[White "Rodriguez Santiago, Jaime"]
[Black "Joubert, Dantelle"]
[WhiteFideId "3100898"]
[BlackFideId "14310813"]
[WhiteElo "2025"]
[BlackElo "1507"]
[Result "0-1"]
[Round "04"]
[TimeControl "180+1"]
[Date "2022.11.09"]
[WhiteClock "0:00:55"]
[BlackClock "0:00:13"]

1. c4 c6 2. d4 d5 3. cxd5 cxd5 4. Bf4 Nc6 5. e3 g6 6. Nc3 Bg7 7. Qb3 Nf6 8. Nb5 Qa5+ 9. Qc3 Qxc3+ 10. bxc3 O-O 11. Nc7 Rb8 12. Bd3 Bd7 13. Rb1 b6 14. Na6 Rbc8 15. Ne2 Na5 16. O-O Nh5 17. Bg3 Nxg3 18. hxg3 Nc4 19. Nb4 Nd2 20. Rbc1 Nxf1 21. Kxf1 e6 22. Ba6 Rc7 23. Nf4 Bc8 24. Bd3 Bb7 25. a4 Rfc8 26. Na2 Bc6 27. Bb5 Bxb5+ 28. axb5 Rc4 29. Ke2 Ra4 30. Rc2 Bf8 31. Nd3 Ra3 32. Kd2 Rb3 33. Nab4 Bxb4 34. Nxb4 Rxb4 35. cxb4 Rxc2+ 36. Kxc2 Kf8 37. Kd3 h5 38. Ke2 Ke7 39. Kf3 Kd7 40. g4 hxg4+ 41. Kxg4 f6 42. f4 Kc7 43. Kh4 Kb7 44. g4 a6 45. bxa6+ Kxa6 46. f5 gxf5 47. gxf5 exf5 48. Kh5 Kb5 49. Kg6 Kxb4 50. Kxf6 Kc4 51. Ke5 b5 52. Kf4 b4 53. Kf3 Kc3 54. Ke2 Kb2 55. Kd2 Ka2 56. Kc1 b3 57. e4 fxe4 58. Kd2 b2 59. Ke3 b1=Q 0-1


[Site "https://www.chess.com"]

[Event "Titled Tuesday Blitz November 08 Late 2022"]
[White "Romanchuk, Viktor"]
[Black "Yang, Kevin"]
[WhiteFideId "14109271"]
[BlackFideId "30908485"]
[WhiteElo "2242"]
[BlackElo "2055"]
[Result "1-0"]
[Round "04"]
[TimeControl "180+1"]
[Date "2022.11.09"]
[WhiteClock "0:00:17"]
[BlackClock "0:00:04"]

1. d4 Nf6 2. c4 e6 3. Nc3 Bb4 4. e3 O-O 5. Ne2 d5 6. a3 Bd6 7. Ng3 b6 8. cxd5 exd5 9. Bd3 a5 10. Nh5 c6 11. O-O Bxh2+ 12. Kxh2 Ng4+ 13. Kg3 Qg5 14. f4 Qe7 15. Qxg4 Bxg4 16. Kxg4 f5+ 17. Kf3 Nd7 18. Bd2 Rae8 19. Rh1 g6 20. Ng3 Nf6 21. Nf1 Ng4 22. Re1 Nf6 23. Nh2 c5 24. g4 fxg4+ 25. Nxg4 Nxg4 26. Kxg4 c4 27. Bc2 b5 28. Kg3 Qd7 29. Nd1 Ra8 30. Nf2 Qd6 31. Ng4 b4 32. axb4 axb4 33. Ne5 Ra2 34. Bc1 c3 35. Bb3 Ra5 36. Rh4 h5 37. Bc2 cxb2 38. Bxb2 Ra2 39. Rb1 Rc8 40. Bxg6 Kg7 41. Rxh5 Qxg6+ 42. Nxg6 Kxg6 43. Rg5+ Kf6 44. Rxd5 Rc2 45. Rb5 Rcxb2 46. Rxb2 Rxb2 47. Kf3 b3 48. Ke4 Ke6 49. Rb6+ Kd7 50. Ke5 Kc7 51. Rb4 Rb1 52. e4 b2 53. f5 Kc6 54. d5+ Kc5 55. Rb8 Kc4 56. f6 Kc3 57. f7 Rf1 58. Ke6 Kc2 59. e5 b1=Q 60. Rxb1 Kxb1 61. d6 Rh1 62. d7 1-0


[Site "https://www.chess.com"]